Grobba, chaotic female orcish Barbarian $ $ $ ------ -------------- |.....####################### #-............| $ $ |_...| #|............| $ $ |...[| ! #|............| |....| ------------- #-....<.......| * |....-#####|....*.......##############|............| |....| #-.>.........| #-.------------ ----.- |............# # ######## ## $ #............|# # # # * #|...........|### # ### ### ------------- # - # $ # $$ # #### .....|# $ ## ### # . (-# --.-- -.---- #......| |...| --------- -- |....| # .....+ |.))%## ............| |....+###`##################### ----- |...|# .| |....| #####%###....|I $ ------ -----# Grobba the Bandit Experience level: 6 Strength: 18/02 Dexterity: 16 Constitution: 18 Intelligence: 7 Wisdom: 7 Charisma: 10 Health: 0(72) Energy: 8(8) Def: 0 Gold: 332 Moves: 2779 Dungeon seed: T4_MKc7TTWbQuloM Game ID: Grobba_1550598815 Your Inventory: Coins $ - 332 gold pieces Rings h - an uncursed +3 ring of adornment (on left hand) k - an uncursed ring of poison resistance (on right hand) Spells and supernatural/magical abilities: Name Level Category Fail Memory p - protection 1 clerical 91% 96% u - confuse monster 2 enchantment 100% 98% E - detect food 2 divination 100% 92% L - levitation 4 escape 100% 91% W - pray for help -- divine ? -- Your skills at the end: Fighting Skills bare handed combat [Basic] Weapon Skills axe [Basic] two-handed sword [Basic] Spellcasting Skills Final Attributes: You were fervently aligned. You were poison resistant. You had infravision. You were adorned. You were a wererat. You were lucky. You are dead. Vanquished creatures: an orc mummy a blue jelly a rock piercer a yellow light a shrieker a violet fungus a paper golem a kitten a dwarf a kobold shaman 3 hill orcs a rabid rat a giant bat 2 orc zombies a wererat 5 iguanas 5 coyotes a gas spore 2 hobbits a large kobold a hobgoblin 5 giant rats 2 cave spiders a green mold a red mold a gnome a gnome zombie 7 jackals 5 foxes 3 sewer rats 8 grid bugs 3 lichens 3 kobold zombies 5 newts 78 creatures vanquished. Voluntary challenges: You were vegetarian. You were an atheist. You used a wielded weapon 84 times, starting on turn 22. You read items or engraved 25 times, starting on turn 107. You never genocided any monsters. You never polymorphed an object. You changed form 3 times, starting on turn 2254. You used no wishes. You never split a pudding. You never wrote Elbereth's name. You violated your moral code, losing 26 points of alignment, starting on turn 2067. Dungeon overview: The Dungeons of Doom: levels 1 to 9 Level 1 an altar to Mitra, a fountain a long staircase Level 2 Level 3 a scroll shop a long staircase Level 4 Level 5 Level 7 a delicatessen, a sink Level 8 <- You were here an altar to Crom Level 9 a fountain History has recorded: On T:1 you entered the Dungeons of Doom to retrieve the Amulet of Yendor! On T:333 you reached level 2 of The Dungeons of Doom. On T:459 you advanced to experience level 2. On T:761 you reached level 3 of The Dungeons of Doom. On T:769 you advanced to experience level 3. On T:1079 you advanced to experience level 4. On T:1558 you reached level 4 of The Dungeons of Doom. On T:1575 you reached level 5 of The Dungeons of Doom. On T:1648 you reached level 7 of The Dungeons of Doom. On T:1686 you advanced to experience level 5. On T:2189 you reached level 8 of The Dungeons of Doom. On T:2192 you advanced to experience level 6. On T:2403 you reached level 9 of The Dungeons of Doom. Score breakdown: Gold: 332 ( 8580 points) Experience: 6 levels (12456 points) Exploration: 9 levels ( 18.37%) (12247 points) Discoveries: 15 items ( 6.10%) ( 7407 points) Valuables value: (no points given unless you survive) Artifact value: 0 ( 0 points) Variety of kills: 34 monsters ( 8.92%) ( 8961 points) Turncount: 2779 turns ( -486 points) Survival: died (score multiplied by 80%) Total score: 39332 Latest messages: There is a doorway here. There are a few objects here. You bite the Woodland-elf. The Woodland-elf hits! (2x) You miss the Woodland-elf. The Woodland-elf hits! You faint from lack of food. The Woodland-elf hits! You return to orcish form! It hits! (2x) It is hit. It hits! (7x) You come to. You miss the Woodland-elf. The Woodland-elf hits! You smite the Woodland-elf. The Woodland-elf hits! You miss the Woodland-elf. The Woodland-elf hits! You faint from lack of food. It hits! (3x) You die... Final status: Goodbye Grobba the Barbarian, killed by a Woodland-elf, while fainted from lack of food... You died in The Dungeons of Doom on dungeon level 8 with 39332 points, and 332 pieces of gold, after 2779 moves. You were level 6 with a maximum of 72 hit points when you died.